 Dungeon Crawl Stone Soup version 0.30.1-11-g7821555f0a (webtiles) character file.

Game seed: 18251790413460731219

53271 Peloso the Peltast (level 14, -1/127 HPs)
             Began as a Minotaur Fighter on Dec 9, 2023.
             Was the Champion of Okawaru.
             Killed by divine providence
             ... invoked by an orc high priest
              (11 damage)
             ... on level 2 of the Orcish Mines.
             The game lasted 00:38:35 (17366 turns).

Peloso the Peltast (Minotaur Fighter)              Turns: 17366, Time: 00:38:36

Health: -1/127     AC: 25    Str: 22    XL:     14   Next: 30%
Magic:  13/14      EV: 15    Int:  5    God:    Okawaru [******]
Gold:   1497       SH: 15    Dex: 20    Spells: 13/13 levels left

rFire   . . .        a - +4 long sword "Zocin" {heavy, Dex+6}
rCold   . . .        d - +0 kite shield
rNeg    + + .        D - +0 plate armour
rPois   .            (helmet restricted)
rElec   .            w - +2 cloak
rCorr   .            m - +0 pair of gloves
SInv    .            T - +2 pair of boots "Yfor" {rN++}
Will    +....        (no amulet) Stlth
                     k - +5 ring of evasion
HPRegen 0.41/turn    (no ring)
MPRegen 0.14/turn

%: no passive effects
@: no status effects
A: horns 2, retaliatory headbutt
a: Renounce Religion, Heroism, Finesse, Duel


You were on level 2 of the Orcish Mines.
You worshipped Okawaru.
Okawaru was exalted by your worship.
You visited 4 branches of the dungeon, and saw 19 of its levels.
You also visited: Ossuary and Bailey.

You collected 1497 gold pieces.

Inventory:

Hand Weapons
 a - the +4 long sword "Zocin" (weapon) {heavy, Dex+6}
   (You found it on level 5 of the Dungeon)

   Dex:       It affects your dexterity (+6).
 b - a +1 scimitar of flaming
Armour
 d - a +0 kite shield (worn)
 m - a +0 pair of gloves (worn)
 w - a +2 cloak (worn)
 D - a +0 plate armour (worn)
 P - +0 swamp dragon scales
 T - the +2 pair of boots "Yfor" (worn) {rN++}
   (You found it on level 4 of the Lair of Beasts)

   rN:        It greatly protects you from negative energy.
Jewellery
 k - a +5 ring of evasion (left hand)
 y - a ring of magical power
 z - a ring of ice
 F - a ring of see invisible
 O - a +5 ring of evasion
Wands
 B - a wand of roots (15)
 E - a wand of polymorph (17)
 G - a wand of digging (4)
 M - a wand of paralysis (4)
 Q - a wand of flame (18)
Scrolls
 c - 2 scrolls of blinking
 e - 2 scrolls of magic mapping
 f - 2 scrolls of silence
 h - 4 scrolls of enchant armour
 j - 7 scrolls of immolation
 n - a scroll of fear
 t - 4 scrolls of teleportation
 u - 2 scrolls of identify
 x - 5 scrolls of amnesia
 A - 2 scrolls of acquirement
 H - a scroll of fog
 L - 8 scrolls of enchant weapon
Potions
 g - 6 potions of might
 i - 2 potions of magic
 l - 8 potions of curing
 o - 4 potions of heal wounds
 p - 4 potions of haste
 q - 3 potions of lignification
 r - 6 potions of brilliance
 s - a potion of resistance
 v - 7 potions of mutation
 J - 2 potions of cancellation
 K - 2 potions of invisibility
 N - 2 potions of berserk rage {unknown}
Miscellaneous
 I - a phantom mirror


   Skills:
 + Level 12.8 Fighting
 + Level 15.7 Long Blades
 + Level 14.3 Armour
 + Level 6.5 Dodging
 + Level 2.3 Stealth
 + Level 16.5 Shields
 + Level 1.3 Invocations
 + Level 0.6 Evocations


You had 13 spell levels left.
You didn't know any spells.
Your spell library contained the following spells:

 Spells                   Type           Power      Damage    Failure   Level
 Magic Dart               Conj           0%         1d3       100%        1
 Sting                    Tmut/Pois      0%         1d3       100%        1
 Blink                    Tloc           0%         N/A       100%        2
 Lesser Beckoning         Tloc           0%         N/A       100%        2
 Momentum Strike          Conj/Tloc      0%         3d8       100%        2
 Poisonous Vapours        Pois/Air       0%         N/A       100%        2
 Sublimation of Blood     Necr           0%         N/A       100%        2
 Mephitic Cloud           Conj/Pois/Air  0%         N/A       100%        3
 Portal Projectile        Hex/Tloc       0%         N/A       100%        3
 Leda's Liquefaction      Hex/Erth       0%         N/A       100%        4
 Olgreb's Toxic Radiance  Pois           0%         N/A       100%        4
 Petrify                  Tmut/Erth      0%         N/A       100%        4
 Borgnjor's Vile Clutch   Necr/Erth      0%         N/A       100%        5
 Irradiate                Conj/Tmut      0%         3d11      100%        5
 Orb of Destruction       Conj           0%         9d5       100%        7
 Call Imp                 Summ           Unusable   N/A       N/A         2
 Call Canine Familiar     Summ           Unusable   N/A       N/A         3
 Summon Guardian Golem    Hex/Summ       Unusable   N/A       N/A         3
 Animate Dead             Necr           Unusable   N/A       N/A         4
 Death Channel            Necr           Unusable   N/A       N/A         6
 Spellforged Servitor     Conj/Summ      Unusable   N/A       N/A         7

Dungeon Overview and Level Annotations

Branches:
Dungeon (12/15)            Temple (1/1) D:6            Lair (4/5) D:11
 Shoals (0/4) Lair:2       Spider (0/4) Lair:2        Slime (0/5) Lair:4
    Orc (2/2) D:11        Ossuary (visited)          Bailey (visited)
    Elf: Orc:2

Altars:
Ashenzari
Cheibriados
Dithmenos
Elyvilon
Fedhas
Gozag
Hepliaklqana
Kikubaaqudgha
Makhleb
Nemelex Xobeh
Okawaru
Qazlal
Ru
Sif Muna
Trog
Uskayaw
Vehumet
Wu Jian
Xom
Yredelemnul
Zin
The Shining One
Jiyva

Shops:
D:8 *   D:11 *   Orc:1 :


Innate Abilities, Weirdness & Mutations

You have a pair of horns on your head.
You reflexively headbutt those who attack you in melee.


Message History

You slash the orc priest! You headbutt the orc priest!
You kill the orc priest!
Okawaru accepts your kill.
The orc priest looks satisfied for a moment.
You block the orc warrior's attack.
The orc warrior shoots a bolt.
You block the bolt.
Unknown command.
The orc warrior unwields a +0 arbalest.
The orc warrior wields a +0 mace.
The orc warrior barely misses you.
The orc priest mumbles some strange prayers to Beogh against you.
Beogh smites you!
* * * LOW HITPOINT WARNING * * *
The orc high priest prays to Beogh.
Things that are here:
a +0 hand axe; a +0 ring mail; an orc corpse You open the orc warrior like a pillowcase!!!
You kill the orc warrior!
Okawaru accepts your kill. The orc warrior barely misses you.
Unknown command.
You hit the orc priest.
The orc priest is lightly wounded.
The orc warrior barely misses you. You furiously retaliate!
You headbutt the orc warrior!
You kill the orc warrior!
Okawaru accepts your kill.
You block the hellwing's attack. x2; The orc priest misses you.
The orc high priest says, "You will make a fine sacrifice."
The orc high priest calls upon Beogh to heal the orc priest.
The orc priest's wounds heal themselves!
You carve the orc priest like a ham!!!
You kill the orc priest!
Okawaru accepts your kill.
You feel like a meek peon again. The sixfirhy barely misses you.
You block the sixfirhy's attack. You block the hellwing's attack.
The hellwing misses you.
The orc high priest mumbles some strange prayers.
The orc high priest mumbles some strange prayers to Beogh against you.
Beogh smites you!
You die...

.........#
#....$..$######
#.......##..~≈##
#....<##..~~≈≈###
##...o#..~~≈≈†††##
##..†..)~~.))†.†.##
#....)).≈≈~))†††#†##
#......#.4≈≈†.o3).††#
.......##.~≈.†.4@††##
........#.~≈≈†††)††#
........#..o≈≈††)†##
.$......##..o≈≈.†##
......#####..≈≈†##
...... ##.≈≈## ####


You could see an orc high priest, a hellwing (summoned), a rust devil
(summoned), a sixfirhy (summoned) and 2 orc priests.

Vanquished Creatures
  Nessos (D:12)
  Josephine (D:12)
  An ettin (Orc:1)
  Harold (Lair:2)
  3 hydras
  Erica (D:9)
  2 boulder beetles
  5 death yaks (Lair:3)
  2 two-headed ogres
  5 skeletal warriors (D:11)
  A skyshark (Lair:3)
  Amaemon (Lair:3)
  2 orc knights (Orc:1)
  3 orc sorcerers
  8 oklob plants (Lair:4)
  A deep elf pyromancer (D:12)
  A manticore (D:11)
  6 cyclopes
  3 elephants (Lair:4)
  3 black mambas
  9 cane toads
  An orange demon (Lair:3)
  Maggie (Lair:1)
  A gargoyle (D:11)
  2 rime drakes
  7 komodo dragons
  A tengu conjurer (D:8)
  A polar bear (Lair:2)
  5 trolls
  A snapping turtle (Lair:2)
  7 dream sheep (Lair:4)
  3 blink frogs (Lair:3)
  2 jumping spiders (Lair:2)
  A culicivora (Lair:2)
  10 wraiths
  2 shadows
  7 wyverns
  Eustachio (D:4)
  2 basilisks
  25 yaks
  7 redbacks (Lair:2)
  2 steam dragons
  A warg (Orc:1)
  An acid dragon (D:12)
  13 water moccasins
  28 orc warriors
  3 ice beasts
  8 black bears
  4 sky beasts
  5 ogres
  7 wolves (Lair:4)
  8 centaurs
  3 kobold brigands
  A phantom (D:6)
  2 gnoll sergeants (D:4)
  5 scorpions
  14 bullfrogs
  14 wights
  4 killer bees
  4 howler monkeys (D:7)
  An electric eel (Lair:1)
  7 hounds
  4 jellies
  8 orc priests
  Crazy Yiuf (D:4)
  A gnoll bouda (D:4)
  3 sleepcaps
  Ijyb (D:5)
  3 iguanas (D:5)
  11 orc wizards
  4 hell rats (Lair:1)
  8 mummies (Ossuary)
  22 gnolls
  3 adders
  A white imp (D:8)
  3 worms
  7 dart slugs
  69 orcs
  3 ball pythons
  7 bats
  7 endoplasms
  2 giant cockroaches
  6 goblins
  9 hobgoblins
  4 quokkas
  2 frilled lizards
  2 gnoll zombies (Ossuary)
  2 hobgoblin zombies (Ossuary)
  28 kobolds
  A kobold zombie (Ossuary)
  3 orc zombies (Ossuary)
  7 rats
514 creatures vanquished.

Notes
Turn   | Place    | Note
-------+----------+-------------------------------------------
     0 | D:1      | Peloso the Minotaur Fighter began the quest for the Orb.
     0 | D:1      | Reached XP level 1. HP: 19/19 MP: 0/0
   127 | D:1      | Reached XP level 2. HP: 22/27 MP: 1/1
   818 | D:2      | Reached XP level 3. HP: 29/29 MP: 2/2
  1385 | D:3      | Reached skill level 4 in Shields
  1646 | D:3      | Reached XP level 4. HP: 40/40 MP: 3/3
  2054 | D:4      | Found a sparkling altar of Nemelex Xobeh.
  2094 | D:4      | Noticed a black bear
  2102 | D:4      | Killed a black bear
  2103 | D:4      | Reached skill level 1 in Dodging
  2103 | D:4      | Reached XP level 5. HP: 43/47 MP: 4/4
  2162 | D:4      | Noticed Eustachio
  2213 | D:4      | HP: 1/47 [shadow imp/nerve-wracking pain[Eustachio] (14)]
  2226 | D:4      | Killed Eustachio
  2227 | D:4      | Reached skill level 5 in Long Blades
  2227 | D:4      | Reached XP level 6. HP: 40/55 MP: 5/5
  2258 | D:4      | Found a sand-covered staircase.
  2263 | D:4      | Reached skill level 5 in Fighting
  2263 | D:4      | Reached skill level 5 in Armour
  2281 | Ossuary  | Entered an ossuary
  2333 | Ossuary  | Reached skill level 5 in Shields
  2575 | D:4      | Found an ancient bone altar of Kikubaaqudgha.
  2603 | D:4      | Reached XP level 7. HP: 33/61 MP: 6/6
  2814 | D:4      | Found a shadowy altar of Dithmenos.
  2914 | D:4      | Identified the +9 dagger of Zeonkurr {flame, Fragile rF-
                  | rC+ Int+9}
  3450 | D:4      | Found a runed translucent door.
  3450 | D:4      | Identified the +6 hammer of Ynnupoad {speed, rF+ MP-9 SInv}
  3451 | D:4      | Noticed Crazy Yiuf
  3484 | D:4      | Killed Crazy Yiuf
  3607 | D:5      | Entered Level 5 of the Dungeon
  3921 | D:4      | Reached skill level 6 in Shields
  3921 | D:4      | Reached XP level 8. HP: 61/68 MP: 7/7
  3962 | D:5      | Identified the +4 long sword "Zocin" {heavy, Dex+6}
  4378 | D:5      | Noticed Ijyb
  4384 | D:5      | Killed Ijyb
  4394 | D:5      | Noticed a two-headed ogre
  4400 | D:5      | Killed a two-headed ogre
  4401 | D:5      | Reached skill level 7 in Shields
  4401 | D:5      | Reached XP level 9. HP: 75/75 MP: 8/8
  4441 | D:5      | Found a shimmering blue altar of Sif Muna.
  4645 | D:6      | Found a staircase to the Ecumenical Temple.
  4657 | Temple   | Entered the Ecumenical Temple
  4774 | D:6      | Found an iron altar of Okawaru.
  4783 | D:6      | Became a worshipper of Warmaster Okawaru
  4931 | D:6      | Reached skill level 1 in Stealth
  4934 | D:6      | Reached skill level 8 in Shields
  5230 | D:7      | Found an opulent altar of Gozag.
  5258 | D:7      | Reached skill level 10 in Long Blades
  5317 | D:7      | Reached * piety under Okawaru
  5318 | D:7      | Reached skill level 5 in Dodging
  5373 | D:7      | Found a blossoming altar of Fedhas.
  5733 | D:7      | Reached skill level 9 in Shields
  5733 | D:7      | Reached XP level 10. HP: 65/86 MP: 9/9
  5829 | D:8      | Reached ** piety under Okawaru
  6175 | D:8      | Reached skill level 10 in Shields
  6194 | D:8      | Reached *** piety under Okawaru
  6699 | D:8      | Found Ytaphary's Overcharged Wands.
  7079 | D:9      | Found an ornate altar of the Wu Jian Council.
  7129 | D:9      | Noticed Erica
  7159 | D:9      | Killed Erica
  7159 | D:9      | Reached **** piety under Okawaru
  7178 | D:9      | Reached XP level 11. HP: 50/95 MP: 10/10
  7289 | D:9      | Noticed a two-headed ogre
  7308 | D:9      | Killed a two-headed ogre
  7685 | D:10     | Entered Level 10 of the Dungeon
  7736 | D:10     | Reached skill level 11 in Shields
  7839 | D:10     | Found a flagged portal.
  7848 | Bailey   | Entered a bailey
  8300 | Bailey   | Identified a scroll of acquirement
  8336 | D:10     | Found a shimmering altar of Xom.
  9032 | D:11     | Found a staircase to the Orcish Mines.
  9089 | D:11     | Found Gatohaem's General Store.
  9122 | D:11     | Reached skill level 10 in Armour
  9127 | D:11     | Reached ***** piety under Okawaru
  9138 | D:11     | Noticed a skeletal warrior
  9377 | D:11     | Killed a skeletal warrior
  9378 | D:11     | Reached skill level 12 in Shields
  9428 | D:11     | Noticed a boulder beetle
  9439 | D:11     | Killed a boulder beetle
  9632 | D:11     | Noticed a skeletal warrior
  9633 | D:11     | Noticed a skeletal warrior
  9638 | D:11     | Noticed a skeletal warrior
  9639 | D:11     | Noticed a skeletal warrior
  9652 | D:11     | Reached skill level 10 in Fighting
  9709 | D:11     | Found a staircase to the Lair.
  9950 | D:11     | Killed a skeletal warrior
  9951 | D:11     | Reached XP level 12. HP: 104/106 MP: 9/11
  9955 | D:11     | Identified the +1 cloak "Moziloexu" {-Tele rCorr Str+3}
                  | (Okawaru gifted it to you on level 11 of the Dungeon)
  9955 | D:11     | Received a gift from Okawaru
 10199 | Lair:1   | Entered Level 1 of the Lair of Beasts
 10638 | Lair:1   | Noticed Maggie
 10645 | Lair:1   | Killed Maggie
 10649 | Lair:1   | Reached skill level 13 in Shields
 11597 | Lair:2   | Noticed a five-headed hydra
 11605 | Lair:2   | Killed a one-headed hydra
 11661 | Lair:2   | Noticed Harold
 11687 | Lair:2   | Killed Harold
 11842 | Lair:2   | Reached skill level 14 in Shields
 11851 | Lair:2   | Found a staircase to the Shoals.
 12317 | Lair:2   | Found a hole to the Spider Nest.
 12338 | Lair:2   | Reached ****** piety under Okawaru
 12481 | Lair:2   | Reached skill level 1 in Invocations
 12481 | Lair:2   | Reached XP level 13. HP: 113/116 MP: 12/12
 12619 | Lair:3   | Received a gift from Okawaru
 12757 | Lair:3   | Identified the +1 robe of Uqoseg {rC+ Str+3}
 12840 | Lair:3   | You fall into a shaft and drop 1 floor!
 13037 | Lair:4   | Identified the +1 acid dragon scales of the Countless Runes
                  | {rCorr Int+3} (Okawaru gifted it to you on level 4 of the
                  | Lair of Beasts)
 13037 | Lair:4   | Received a gift from Okawaru
 13101 | Lair:4   | Reached skill level 15 in Long Blades
 13109 | Lair:4   | Reached skill level 15 in Shields
 13385 | Lair:4   | Identified the +2 pair of boots "Yfor" {rN++}
 14704 | Lair:4   | Found a viscous altar of Jiyva.
 14705 | Lair:4   | Found a staircase to the Slime Pits.
 14948 | Lair:3   | Noticed Amaemon
 15098 | Lair:3   | Killed Amaemon
 15707 | D:12     | Noticed Josephine
 15722 | D:12     | Killed Josephine
 15730 | D:12     | Reached XP level 14. HP: 35/127 MP: 14/14
 16311 | D:12     | Received a gift from Okawaru
 16312 | D:12     | Reached skill level 16 in Shields
 16440 | D:12     | Noticed Nessos
 16444 | D:12     | Killed Nessos
 16653 | Orc:1    | Entered Level 1 of the Orcish Mines
 16750 | Orc:1    | Found Paeckom's Book Shop.
 17245 | Orc:2    | Entered Level 2 of the Orcish Mines
 17301 | Orc:2    | Paralysed by an orc sorcerer for 2 turns
 17366 | Orc:2    | Killed from afar by an orc high priest

Illustrated notes

Levels and vault maps discovered:
D:1:      heliophobic_arrival_henge, layout_basic, st_stairs_4
D:2:      layout_basic
D:3:      layout_rooms, serial_curves, eino_curves_03, eino_curves_03
D:4:      nicolae_BIG_FREAKIN_CUBE, layout_loops_ring,
          nemelex_dance_club_becter, kiku_gazebo_pond_becter,
          nicolae_dithmenos_shadow_blocks,
          nicolae_ossuary_entry_false_entrances, uniq_crazy_yiuf_cottage,
          uniq_eustachio
D:5:      layout_rooms, nicolae_sif_muna_condensation, grunt_tough_drop,
          uniq_ijyb
D:6:      layout_rooms, okawaru_metal_pillars_3, minmay_temple_entry_water_ring
D:7:      layout_basic, kennysheep_little_box, nicolae_overflow_crystal_walls
D:8:      nzn_winding_woodlands_three_and_one
          [nzn_winding_woodlands_5x15_zeroes,
          nzn_winding_woodlands_5x15_crooked, nzn_winding_woodlands_5x15_eye,
          nzn_winding_woodlands_center_garden], layout_cave_pods,
          nicolae_shop_overcharged_wands
D:9:      layout_rooms, nzn_wu_jian_contemplation, uniq_erica
D:10:     layout_basic, kennysheep_mini, enter_bailey_2
D:11:     layout_basic, minmay_lair_entry_grove, david_orc_2, serial_shops, shop
D:12:     layout_loops_ring, kennysheep_generic_room_13, uniq_josephine,
          uniq_nessos
Temple:   nicolae_temple_ecumenical_triangle
Lair:1:   layout_chaotic_city, beast_lair_carwin_2, infiniplex_staircase_pool,
          uniq_maggie
Lair:2:   layout_regular_city, minmay_shoals_entry_hut,
          nicolae_spider_entry_tight_spaces, dreamdust_mushroom_princess,
          grunt_forest_small_clearing_treed, uniq_harold
Lair:3:   layout_roguey, uniq_amaemon
Lair:4:   layout_regular_city, minmay_slime_entry_oklob_open, minmay_holes,
          dpeg_oklob_1
Orc:1:    layout_diamond_mine, serial_shops, shop
Orc:2:    st_orc_mages, layout_diamond_mine, mines_bat_river

Skill      XL: |  1  2  3  4  5  6  7  8  9 10 11 12 13 14 |
---------------+-------------------------------------------+-----
Fighting       | 4 5 6 7 8 10 11 12 | 12.8
Long Blades    | 3 4 5 7 9 10 12 13 14 15 | 15.7
Armour         | 4 5 7 9 10 12 13 14 | 14.3
Shields        | 4 5 6 7 9 10 12 14 15 16 | 16.5
Dodging        | 1 2 3 4 5 6 |  6.5
Stealth        | 1 2 |  2.3
Invocations    | 1 |  1.3
Evocations     | |  0.6

Action                     |  1- 3 |  4- 6 |  7- 9 | 10-12 | 13-15 || total
---------------------------+-------+-------+-------+-------+-------++-------
  Melee: Long sword        |   111 |   117 |   227 |   549 |   382 ||  1386
         Headbutt          |    15 |    29 |    46 |   133 |   106 ||   329
         Mace              |       |       |    10 |       |       ||    10
         Scimitar          |       |       |       |     5 |    24 ||    29
 Invoke: Heroism           |       |       |       |     7 |     6 ||    13
  Evoke: Wand              |       |       |       |     5 |       ||     5
    Use: Potion            |     3 |     6 |       |     3 |     2 ||    14
         Scroll            |       |     9 |     1 |     8 |     4 ||    22
   Stab: Distracted        |       |       |       |     1 |       ||     1
 Armour: Scale mail        |    49 |    62 |   100 |       |       ||   211
         Plate armour      |       |       |    29 |   223 |   186 ||   438
  Dodge: Dodged            |    67 |   128 |   182 |   339 |   292 ||  1008
  Block: Buckler           |    28 |    48 |     9 |       |       ||    85
         Kite shield       |       |       |   155 |   472 |   399 ||  1026
